 Dungeon Crawl Stone Soup version 0.19-a0-330-g034cfd4 (webtiles) character file.

26940 shmeve the Blocker (level 13, -1/183 HPs)
             Began as a Minotaur Berserker on May 29, 2016.
             Was the Champion of Trog.
             Slain by a crocodile (19 damage)
             ... on level 5 of the Lair of Beasts.
             The game lasted 00:30:37 (12544 turns).

shmeve the Blocker (Minotaur Berserker)            Turns: 12544, Time: 00:30:39

Health: -1/183     AC:  0    Str: 31    XL:     13   Next: 1%
Magic:  12/12      EV: 19    Int:  4    God:    Trog [******]
Gold:   801        SH:  0    Dex: 11    Spells: 0 memorised, 12 levels left

rFire  . . .     SeeInvis .     (weapon currently unavailable)
rCold  . . .     Gourm    +     (armour currently unavailable)
rNeg   . . .     Faith    .     (shield currently unavailable)
rPois  .         Spirit   .     (helmet currently unavailable)
rElec  .         Dismiss  .     (cloak currently unavailable)
rCorr  .         Reflect  .     (gloves currently unavailable)
SustAt .         Harm     .     (boots currently unavailable)
MR     .....                    v - amulet of the gourmand
Stlth  ..........               (ring currently unavailable)
                                (ring currently unavailable)

@: berserking, pig-form, slowed, glowing, very quick, not resistant to hostile
enchantments, extremely unstealthy
A: (retaliatory headbutt), (horns 0)
a: Berserk, Trog's Hand, Brothers in Arms, Burn Spellbooks, Renounce Religion


You were on level 5 of the Lair of Beasts.
You worshipped Trog.
Trog was exalted by your worship.
You were full.
You were a filthy swine.
You visited 2 branches of the dungeon, and saw 16 of its levels.

You collected 861 gold pieces.
You spent 60 gold pieces at shops.

Inventory:

Hand Weapons
 O - a +8 broad axe of electrocution (melded)
Armour
 g - a +0 shield (melded)
 j - a +1 pair of gloves of dexterity (melded)
 C - a +0 plate armour (melded)
 J - the +1 cloak of Kitom (melded) {Dex+4}
   (You found it on level 8 of the Dungeon)

   It affects your dexterity (+4).
Jewellery
 q - a ring of stealth (melded)
 v - an amulet of the gourmand (around neck)
 H - a ring of resist corrosion (melded)
Wands
 I - a wand of lightning (8/15)
 Q - a wand of lightning (9/15)
 R - a wand of digging (14/24)
 S - a wand of slowing (24/48)
Scrolls
 e - 5 scrolls of remove curse
 f - 2 scrolls of noise {unknown}
 h - 5 scrolls of amnesia {unknown}
 k - 3 scrolls of immolation {unknown}
 o - 5 scrolls of enchant weapon {unknown}
 s - 16 scrolls of identify
 t - 2 scrolls of magic mapping {unknown}
 x - a scroll of recharging {unknown}
 y - 6 scrolls of teleportation {unknown}
 A - 2 scrolls of enchant armour {unknown}
 B - a scroll of blinking {unknown}
 F - a scroll of fear {unknown}
 P - a scroll of acquirement {unknown}
 V - a scroll of fog {unknown}
Potions
 a - 4 potions of brilliance {unknown}
 b - 3 potions of might {unknown}
 i - 4 potions of degeneration {unknown}
 m - 4 potions of agility {unknown}
 p - a potion of flight {unknown}
 r - 6 potions of lignification {unknown}
 u - 3 potions of heal wounds {unknown}
 w - a potion of berserk rage {unknown}
 E - 2 potions of resistance {unknown}
 G - a potion of ambrosia {unknown}
 K - a potion of curing
 L - 3 potions of invisibility {unknown}
 M - a potion of beneficial mutation {unknown}
 N - a potion of mutation {unknown}
 T - 4 potions of cancellation {unknown}
Books
 U - a book of Burglary

   Spells                             Type                      Level
   a - Swiftness                      Charms/Air                   2
   b - Passwall                       Transmutation/Earth          2
   c - Passage of Golubria            Translocation                4
   d - Lee's Rapid Deconstruction     Earth                        5
   e - Darkness                       Hexes                        6
   f - Invisibility                   Hexes                        6
   Trog disapproves of the use of such an item.
Comestibles
 c - 9 bread rations
 d - 11 meat rations
 l - 5 beef jerkies
 n - 3 royal jellies
 z - 42 fruits
 D - 2 slices of pizza


   Skills:
 * Level 13.0 Fighting
 * Level 13.1 Axes
 + Level 9.2 Armour
 + Level 8.9 Dodging
 * Level 13.9 Shields


You had 12 spell levels left.
You didn't know any spells.

Dungeon Overview and Level Annotations

Branches:
Dungeon (11/15)            Temple (0/1) D:5            Lair (5/8) D:11
  Swamp: Lair:3-6    Shoals: Lair:3-6     Snake: Lair:3-6    Spider: Lair:3-6
    Orc: D:9-12

Altars:
Ashenzari
Elyvilon
Fedhas
Hepliaklqana
Kikubaaqudgha
Nemelex Xobeh
Okawaru
Ukayaw
Vehumet
Xom
Yredelemnul

Shops:
D:4 ?

Annotations:
Lair:5 Kirke


Innate Abilities, Weirdness & Mutations

((You reflexively headbutt those who attack you in melee.))
((You have a pair of horns on your head.))


Message History

Kirke is almost dead.
Kirke gestures at you while chanting.
You feel yourself slow down. The crocodile completely misses you.
You hit Kirke.
Kirke is almost dead.
The lindwurm closely misses you. The lindwurm claws you.
* * * LOW HITPOINT WARNING * * *
The lindwurm claws you!
* * * LOW HITPOINT WARNING * * *
Kirke hits you!
* * * LOW HITPOINT WARNING * * *
The crocodile misses you.
You closely miss Kirke.
Kirke is almost dead.
The lindwurm misses you. The lindwurm claws you!
* * * LOW HITPOINT WARNING * * *
The lindwurm claws you.
* * * LOW HITPOINT WARNING * * *
Kirke barely misses you. The crocodile bites you!!
You die...

...# .......
....##
.......
.....#
.......
.....
.......
#...#.......
#...........
#.....P#
#8[t.#
#.kh##
#.†#@h.....
#...


hH..... #.... ....... ....## ....... ..... ....... ....# .....P. ..#. .......
You could see Kirke, a manticore, a lindwurm, 2 hogs and a crocodile.

Vanquished Creatures
  A hydra (Lair:3)
  Erica (Lair:2)
  Urug (D:11)
  Sonja (Lair:1)
  A hill giant (D:10)
  An orc knight (D:11)
  A wizard (D:11)
  2 griffons (Lair:3)
  The ghost of aTarkinC the Gusty, a novice HEAE of Vehumet (D:6)
  2 black mambas
  A centaur zombie (D:11)
  8 spiny frogs
  4 komodo dragons
  A troll (D:9)
  2 polar bears
  2 two-headed ogres
  A shadow (D:10)
  A wraith (D:10)
  29 yaks
  A vampire (D:9)
  A wyvern (Lair:3)
  6 basilisks
  A hog (Lair:5)
  Grum (D:9)
  A hungry ghost (D:8)
  7 hippogriffs
  9 water moccasins
  12 porcupines
  6 phantoms
  6 orc warriors
  4 sky beasts
  4 ice beasts
  8 wolves
  5 ogres
  9 centaurs
  The ghost of khdd the Shield-Bearer, an amateur GrFi of Pakellas (D:3)
  10 crocodiles
  Blork the orc (D:11)
  9 giant frogs
  3 scorpions
  A water moccasin skeleton (D:6)
  9 killer bees
  5 howler monkeys
  3 crimson imps
  A giant frog zombie (D:5)
  4 orc priests
  Terence (D:2)
  A giant frog skeleton (D:10)
  5 hounds
  4 jellies
  A centaur skeleton (D:9)
  3 iguanas
  5 worker ants
  6 orc wizards
  2 hell rats (Lair:3)
  12 sheep (Lair:2)
  Robin (D:4)
  A gnoll (D:9)
  2 worker ant zombies
  22 adders
  43 river rats
  5 shadow imps
  An ooze (D:7)
  An adder zombie (D:8)
  2 adder skeletons
  5 worms
  2 dart slugs (D:3)
  5 giant geckos
  30 orcs
  5 giant cockroaches
  17 goblins
  12 hobgoblins
  12 jackals
  3 quokkas
  3 ball pythons
  10 bats
  5 giant newts
  9 kobolds
  7 rats
  A fungus (Lair:4)
  A plant (D:11)
434 creatures vanquished.

Vanquished Creatures (others)
  5 fungi (Lair:2)
  7 plants
12 creatures vanquished.

Grand Total: 446 creatures vanquished

Notes
Turn   | Place    | Note
--------------------------------------------------------------
     0 | D:1      | shmeve the Minotaur Berserker began the quest for the Orb.
     0 | D:1      | Reached XP level 1. HP: 19/19 MP: 0/0
   362 | D:1      | Reached XP level 2. HP: 22/27 MP: 1/1
   836 | D:2      | Noticed Terence
   848 | D:2      | Killed Terence
   848 | D:2      | Reached XP level 3. HP: 6/33 MP: 2/2
  1118 | D:2      | Reached ** piety under Trog
  1182 | D:2      | Reached XP level 4. HP: 38/41 MP: 3/3
  1717 | D:3      | Reached skill level 5 in Fighting
  1760 | D:3      | Found a sparkling altar of Nemelex Xobeh.
  1873 | D:3      | Noticed khdd's ghost (amateur GrFi)
  1877 | D:3      | Killed khdd's ghost
  1877 | D:3      | Reached skill level 5 in Axes
  1877 | D:3      | Reached XP level 5. HP: 48/48 MP: 4/4
  1918 | D:3      | Reached *** piety under Trog
  1987 | D:3      | Noticed a phantom
  2035 | D:3      | Killed a phantom
  2035 | D:3      | Reached XP level 6. HP: 30/56 MP: 5/5
  2408 | D:4      | Noticed a sky beast
  2433 | D:4      | Killed a sky beast
  2479 | D:4      | Reached XP level 7. HP: 52/63 MP: 6/6
  2622 | D:4      | Noticed Robin
  2630 | D:4      | Killed Robin
  2637 | D:4      | Reached **** piety under Trog
  2726 | D:4      | Found a basalt altar of Yredelemnul.
  3059 | D:4      | Found Yjiyprin's Magic Scroll Boutique.
  3070 | D:4      | Bought a scroll of remove curse for 36 gold pieces
  3070 | D:4      | Bought a scroll of identify for 24 gold pieces
  3092 | D:4      | Found a hide-covered altar to Ukayaw.
  3112 | D:5      | Entered Level 5 of the Dungeon
  3125 | D:5      | Found a staircase to the Ecumenical Temple.
  3307 | D:5      | Found a radiant altar of Vehumet.
  3307 | D:5      | Found an ancient bone altar of Kikubaaqudgha.
  3312 | D:5      | Found an iron altar of Okawaru.
  3414 | D:5      | Found a shattered altar of Ashenzari.
  3437 | D:5      | Reached XP level 8. HP: 63/73 MP: 7/7
  3504 | D:6      | Reached skill level 5 in Dodging
  3504 | D:6      | Reached skill level 5 in Armour
  3853 | D:6      | Noticed aTarkinC's ghost (novice HEAE)
  3864 | D:6      | Killed aTarkinC's ghost
  4079 | D:6      | Found Ecane's General Store.
  4680 | D:7      | Reached XP level 9. HP: 80/83 MP: 8/8
  5083 | D:7      | Reached ***** piety under Trog
  5451 | D:8      | Found a white marble altar of Elyvilon.
  5559 | D:8      | Reached skill level 10 in Axes
  5661 | D:8      | Reached skill level 10 in Fighting
  5717 | D:8      | Got a brightly glowing cloak
  5723 | D:8      | Identified the +1 cloak of Kitom {Dex+4} (You found it on level 8 of the Dungeon)
  6092 | D:8      | Found a hazy altar of Hepliaklqana.
  6093 | D:8      | Found a shimmering altar of Xom.
  6093 | D:8      | Noticed a death yak
  6094 | D:8      | Noticed a death yak
  6192 | D:9      | Reached XP level 10. HP: 83/93 MP: 9/9
  6193 | D:9      | Noticed Grum
  6219 | D:9      | Killed Grum
  6904 | D:9      | Found a blossoming altar of Fedhas.
  7013 | D:9      | You fall through a shaft for 2 floors!
  7203 | D:11     | Noticed Urug
  7205 | D:11     | Noticed Blork the orc
  7211 | D:11     | Noticed a wizard
  7212 | D:11     | Killed Blork the orc
  7217 | D:11     | Killed Urug
  7219 | D:11     | Noticed an orc knight
  7225 | D:11     | Killed a wizard
  7249 | D:11     | Killed an orc knight
  7249 | D:11     | Reached XP level 11. HP: 28/104 MP: 10/10
  7474 | D:11     | Reached skill level 1 in Shields
  7549 | D:11     | Received a gift from Trog
  7710 | D:10     | Entered Level 10 of the Dungeon
  7714 | D:10     | Noticed a hill giant
  7721 | D:10     | Killed a hill giant
  7726 | D:10     | Reached skill level 5 in Shields
  8542 | D:11     | Found a staircase to the Lair.
  8958 | Lair:1   | Entered Level 1 of the Lair of Beasts
  9326 | Lair:1   | Noticed Sonja
  9334 | Lair:1   | Killed Sonja
  9334 | Lair:1   | Reached skill level 10 in Shields
  9797 | Lair:1   | Reached XP level 12. HP: 102/112 MP: 11/11
 10046 | Lair:2   | Reached ****** piety under Trog
 10111 | Lair:2   | Received a gift from Trog
 10516 | Lair:2   | Noticed Erica
 10526 | Lair:2   | Killed Erica
 11019 | Lair:3   | Noticed a five-headed hydra
 11028 | Lair:3   | Killed a nine-headed hydra
 11412 | Lair:3   | Received a gift from Trog
 12527 | Lair:5   | Noticed Kirke
 12532 | Lair:5   | Reached XP level 13. HP: 94/122 MP: 12/12
 12544 | Lair:5   | Slain by a crocodile

Vault maps used:
D:1:      dpeg_arrival_houses_and_road
D:2:      uniq_terence
D:3:      old_standard_altar
D:4:      yredelemnul_altar_generic, kennysheep_mini_moat, serial_shops,
          shop_statue, first_bread, uniq_robin
D:5:      grunt_temple_overflow_open, ashenzari_conservatory_becter,
          temple_fountains
D:6:      serial_shops, nicolae_shop_behind_doors
D:8:      regret_index_temple_of_mockery, lemuel_coloured_pillars_altar
D:9:      hangedman_tree_tricks, uniq_grum
D:11:     david_lair_shrubbed, sword_in_stone
Lair:1:   beast_lair_carwin_7, uniq_sonja
Lair:2:   minmay_lair_venomous_thicket, grunt_megastairs_3, uniq_erica
Lair:3:   kennysheep_rathole, infiniplex_staircase_pool
Lair:4:   grunt_forest_large_clearings
Lair:5:   minmay_lair_oklob_chamber, swamp_mist, spider_nest_entry_webs,
          grunt_megastairs_5, uniq_josephine, uniq_kirke

Skill      XL: |  1  2  3  4  5  6  7  8  9 10 11 12 |
---------------+-------------------------------------+-----
Axes           | 4 5 6 7 9 10 12 13 | 13.1
Fighting       | 4 5 6 7 9 10 11 13 | 13.0
Dodging        | 3 4 5 7 8 |  8.9
Armour         | 3 4 5 7 8 9 |  9.2
Shields        | 11 13 | 13.9

Action                   |  1- 3 |  4- 6 |  7- 9 | 10-12 | 13-15 || total
-------------------------+-------+-------+-------+-------+-------++-------
Melee: Hand axe          |    74 |   109 |    96 |       |       ||   279
       Headbutt          |     9 |    17 |    62 |   118 |       ||   206
       War axe           |       |       |   180 |    51 |       ||   231
       Battleaxe         |       |       |       |   193 |       ||   193
       Broad axe         |       |       |       |   265 |     2 ||   267
       Unarmed           |       |       |       |       |     9 ||     9
Invok: Berserk           |     1 |     1 |     1 |     5 |     1 ||     9
       Burn Spellbooks   |       |       |     1 |     2 |       ||     3
       Trog's Hand       |       |       |       |     3 |       ||     3
  Use: Scroll            |       |       |     1 |       |       ||     1
       Potion            |       |       |       |     7 |       ||     7
  Eat: Chunk             |     2 |     5 |    22 |    33 |       ||    62
Armor: Animal skin       |    14 |       |       |       |       ||    14
       Scale mail        |     4 |       |       |       |       ||     4
       Chain mail        |     9 |    74 |   101 |       |       ||   184
       Plate armour      |       |       |    73 |   280 |     1 ||   354
Dodge: Dodged            |    55 |    69 |   142 |   267 |    11 ||   544
Block: Shield            |       |       |       |   156 |     2 ||   158
